 Dungeon Crawl Stone Soup version 0.26.0-45-g9c1d065592 (webtiles) character file.

Game seed: 7827951290810638822

187 trckry the Bolt Thrower (level 5, -7/31 HPs)
             Began as a Tengu Hunter on Jan 29, 2021.
             Was an Initiate of Okawaru.
             Mangled by an ogre
             ... wielding a +0 giant spiked club
              (12 damage)
             ... on level 4 of the Dungeon.
             The game lasted 00:04:45 (3007 turns).

trckry the Bolt Thrower (Tengu Hunter)              Turns: 3007, Time: 00:04:45

Health: -7/31      AC: 10    Str: 14    XL:     5   Next: 66%
Magic:  6/6        EV:  5    Int: 11    God:    Okawaru [......]
Gold:   225        SH:  0    Dex: 14    Spells: 4/4 levels left

rFire    . . .     SeeInvis .   b - +0 hand axe
rCold    . . .     Faith    .   (no shield)
rNeg     . . .     Spirit   .   j - +0 plate armour
rPois    .         Reflect  .   (helmet restricted)
rElec    .         Harm     .   (no cloak)
rCorr    .         Rampage  .   (no gloves)
Will     .....                  (boots unavailable)
Stlth    ..........             (no amulet)
HPRegen  0.10/turn              (no ring)
MPRegen  0.10/turn              (no ring)

@: flying quickly and evasively, quick
A: beak, talons 3, able to fly
a: Stop Flying, Renounce Religion


You were on level 4 of the Dungeon.
You worshipped Okawaru.
Okawaru was noncommittal.
You visited 1 branch of the dungeon, and saw 4 of its levels.

You collected 225 gold pieces.

Inventory:

Hand Weapons
 a - a +2 hand crossbow
 b - a +0 hand axe (weapon)
Missiles
 d - 53 bolts
 k - 17 poisoned darts (quivered)
Armour
 j - a +0 plate armour (worn)
Scrolls
 f - a scroll of identify
 g - a scroll of enchant weapon
 i - 3 scrolls of teleportation
Potions
 c - 2 potions of curing {unknown}
 e - 2 potions of flight {unknown}
 h - a potion of heal wounds {unknown}
 n - 2 potions of haste {unknown}
 o - a potion of mutation {unknown}


   Skills:
 + Level 2.7 Fighting
 * Level 2.3 Staves
 * Level 5.3 Crossbows
 + Level 1.4 Armour
 + Level 2.9 Dodging
 - Level 1.0 Stealth
 + Level 1.1 Invocations
 + Level 1.4 Evocations


You had 4 spell levels left.
You didn't know any spells.
Your spell library was empty.

Dungeon Overview and Level Annotations

Branches:
Dungeon (4/15)
 Temple: D:4-7

Altars:
Elyvilon
Hepliaklqana
Kikubaaqudgha
Makhleb
Okawaru
Qazlal
Sif Muna
Xom
Zin


Innate Abilities, Weirdness & Mutations

You have a beak for a mouth.
You have claws for feet.
You can fly continuously.


Message History

The adder is moderately wounded.
The adder bites you but does no damage.
You hit the adder. You claw the adder.
You kill the adder!
Okawaru accepts your kill.
You barely miss the ogre. You claw the ogre. You peck the ogre.
The ogre is heavily wounded.
The ogre hits you with a +0 giant spiked club!
You hit the ogre.
The ogre is severely wounded.
The ogre barely misses you.
You hit the ogre.
The ogre is almost dead.
The ogre hits you with a +0 giant spiked club!!
Ouch! That really hurt!
* * * LOW HITPOINT WARNING * * *
You hit the ogre but do no damage. You claw the ogre, but do no damage.
The ogre is almost dead.
The ogre hits you with a +0 giant spiked club!
You die...

### #@#
#O#########
#..........
#.#..#..#..
............
...#......[...
...............?
.....#....#.$#..
.....#..........


You could see an ogre.

Vanquished Creatures
  Terence (D:2)
  3 gnolls (D:3)
  3 adders
  3 oozes
  An adder skeleton (D:3)
  3 dart slugs
  A leopard gecko (D:1)
  3 orcs (D:2)
  9 bats
  A giant cockroach (D:3)
  13 goblins
  8 hobgoblins
  7 jackals
  A quokka (D:2)
  A ball python (D:1)
  8 frilled lizards
  A jackal skeleton (D:4)
  5 kobolds
  10 rats
82 creatures vanquished.

Notes
Turn   | Place    | Note
-------+----------+-------------------------------------------
     0 | D:1      | trckry the Tengu Hunter began the quest for the Orb.
     0 | D:1      | Reached XP level 1. HP: 12/12 MP: 2/2
   119 | D:1      | Reached XP level 2. HP: 15/17 MP: 3/3
   287 | D:1      | Reached skill level 1 in Staves
   339 | D:1      | Reached XP level 3. HP: 19/21 MP: 4/4
  1035 | D:2      | Reached skill level 1 in Armour
  1035 | D:2      | Reached XP level 4. HP: 26/26 MP: 5/5
  1043 | D:2      | Noticed Terence
  1058 | D:2      | Killed Terence
  1059 | D:2      | Reached skill level 5 in Crossbows
  1084 | D:2      | You fall into a shaft and drop 1 floor!
  1105 | D:3      | Reached skill level 1 in Evocations
  1279 | D:2      | Found an iron altar of Okawaru.
  1286 | D:2      | Found a stormy altar of Qazlal.
  1293 | D:2      | Became a worshipper of Warmaster Okawaru
  1303 | D:2      | Found a white marble altar of Elyvilon.
  1573 | D:2      | Gained mutation: You can fly continuously. [Tengu growth]
  1573 | D:2      | Reached XP level 5. HP: 19/31 MP: 6/6
  1881 | D:2      | Found a burning altar of Makhleb.
  1883 | D:2      | Noticed a green death
  1885 | D:2      | Found a glowing silver altar of Zin.
  1885 | D:2      | Noticed an angel
  2056 | D:2      | Found an ancient bone altar of Kikubaaqudgha.
  2063 | D:2      | Found a shimmering altar of Xom.
  2068 | D:2      | Found a shimmering blue altar of Sif Muna.
  2075 | D:2      | Found a hazy altar of Hepliaklqana.
  2424 | D:3      | Reached skill level 1 in Invocations
  2993 | D:4      | Noticed an ogre
  3007 | D:4      | Mangled by an ogre

Illustrated notes

Levels and vault maps discovered:
D:1:      minmay_arrival_up_and_down, layout_loops_ring
D:2:      layout_loops_cross, grunt_temple_overflow_order_and_chaos_2,
          grunt_temple_overflow_octagram, uniq_terence
D:3:      layout_loops_ring
D:4:      layout_basic, temple_hall, chequers_serial_rivers_large_a

Skill      XL: |  1  2  3  4  5 |
---------------+----------------+-----
Staves         | 1 2 |  2.3
Armour         | 1 |  1.4
Crossbows      | 5 |  5.3
Evocations     | 1 |  1.4
Invocations    | 1 |  1.1
Fighting       | |  2.7
Dodging        | |  2.9
Stealth        | |  1.0

Action                   |  1- 3 |  4- 6 || total
-------------------------+-------+-------++-------
Melee: Short sword       |    38 |       ||    38
       Kick              |    18 |    28 ||    46
       Peck              |    13 |    21 ||    34
       Hand axe          |    57 |   123 ||   180
 Fire: Hand crossbow     |       |     6 ||     6
 Abil: Fly               |       |     1 ||     1
  Use: Scroll            |       |     5 ||     5
 Stab: Sleeping          |     1 |       ||     1
Armor: Leather armour    |    14 |       ||    14
       Plate armour      |    23 |    97 ||   120
Dodge: Dodged            |    63 |    30 ||    93
